 Dungeon Crawl Stone Soup version 0.30-a0-385-gfebfb9b408 (webtiles) character file.

Game seed: 5752597342120139877

1971 avis the Skirmisher (level 8, -3/66 HPs)
             Began as a Demigod Ice Elementalist on Dec 3, 2022.
             Slain by an orc warrior
             ... wielding a +6 war axe
              (8 damage)
             ... on level 6 of the Dungeon.
             The game lasted 00:58:26 (6962 turns).

avis the Skirmisher (Demigod Ice Elementalist)      Turns: 6962, Time: 00:58:26

Health: -3/66      AC: 12    Str:  9    XL:     8   Next: 68%
Magic:  4/15       EV: 12    Int: 17    God:
Gold:   207        SH:  0    Dex: 22    Spells: 6/13 levels left

rFire   . . .      SeeInvis .    G - +0 flail (protect)
rCold   . . .      Faith    .    (no shield)
rNeg    . . .      Spirit   .    f - +2 leather armour {Will+}
rPois   .          Reflect  .    (no helmet)
rElec   .          Harm     .    r - +0 cloak
rCorr   .          Rampage  .    w - +0 pair of gloves
Will    +....                    x - +0 pair of boots
Stlth   ++........               (no amulet)
HPRegen 0.31/turn                (no ring)
MPRegen 0.14/turn                (no ring)

@: ice-armoured, freezing walls
A: high MP 1, forlorn, divine attributes
a: no special abilities


You were on level 6 of the Dungeon.
You visited 2 branches of the dungeon, and saw 7 of its levels.

You collected 343 gold pieces.
You spent 136 gold pieces at shops.

Inventory:

Hand Weapons
 a - a +1 long sword of venom
 b - a +0 shortbow
 G - a +0 flail of protection (weapon)
Missiles
 t - 2 silver boomerangs
 v - 16 poisoned darts
Armour
 f - a +2 leather armour of willpower (worn)
 r - a +0 cloak (worn)
 w - a +0 pair of gloves (worn)
 x - a +0 pair of boots (worn)
Magical Staves
 K - a staff of conjuration
Wands
 d - a wand of iceblast (3)
 E - a wand of quicksilver (9)
 F - a wand of flame (37)
Scrolls
 c - a scroll of identify
 h - 2 scrolls of poison {unknown}
 i - 2 scrolls of blinking {unknown}
 l - 2 scrolls of teleportation
 m - 3 scrolls of immolation
 n - a scroll of enchant weapon {unknown}
 p - a scroll of fear {unknown}
 s - 2 scrolls of magic mapping {unknown}
 D - 2 scrolls of amnesia {unknown}
 J - a scroll of noise {unknown}
 M - a scroll of butterflies {unknown}
Potions
 e - 2 potions of brilliance
 g - 4 potions of magic
 j - a potion of resistance {unknown}
 k - a potion of curing
 q - a potion of ambrosia
 u - a potion of attraction {unknown}
 z - 4 potions of mutation
 A - 3 potions of flight {unknown}
 B - a potion of berserk rage {unknown}
 L - a potion of degeneration {unknown}


   Skills:
 - Level 4.0 Fighting
 * Level 8.7 Ranged Weapons
 - Level 2.0 Dodging
 - Level 2.0 Stealth
 - Level 3.0 Spellcasting
 - Level 5.0 Ice Magic


You had 6 spell levels left.
You knew the following spells:

 Your Spells              Type           Power      Damage    Failure   Level
a - Freeze                Ice            76%        1d8       3%          1
o - Ozocubu's Armour      Ice            19%        N/A       10%         3
r - Frozen Ramparts       Ice            38%        1d6       10%         3

Your spell library contained the following spells:

 Spells                   Type           Power      Damage    Failure   Level
 Apportation              Tloc           4%         N/A       24%         1
 Kiss of Death            Conj/Necr      8%         2d6       24%         1
 Necrotise                Necr           8%         1d4       24%         1
 Sandblast                Erth           4%         2d4       24%         1
 Shock                    Conj/Air       8%         1d3       24%         1
 Summon Small Mammal      Summ           8%         N/A       24%         1
 Cigotuvi's Dreadful Rot  Necr/Pois/Air  4%         N/A       36%         2
 Passwall                 Tmut/Erth      1%         N/A       36%         2
 Poisonous Vapours        Pois/Air       4%         N/A       36%         2
 Sublimation of Blood     Necr           2%         N/A       36%         2
 Gell's Gravitas          Tloc           2%         N/A       58%         3
 Lesser Beckoning         Tloc           4%         N/A       58%         3
 Mephitic Cloud           Conj/Pois/Air  2%         N/A       58%         3
 Stone Arrow              Conj/Erth      4%         3d7       58%         3
 Swiftness                Air            2%         N/A       58%         3
 Teleport Other           Tloc           2%         N/A       58%         3
 Summon Ice Beast         Ice/Summ       11%        N/A       65%         4
 Airstrike                Air            1%         2d(1-17)  94%         4
 Petrify                  Tmut/Erth      2%         N/A       94%         4
 Alistair's Intoxication  Tmut/Pois      1%         N/A       100%        5
 Irradiate                Conj/Tmut      1%         3d12      100%        5


Dungeon Overview and Level Annotations

Branches:
Dungeon (6/15)             Temple (1/1) D:5

Shops:
D:1 (   D:4 [   D:5 *:


Innate Abilities, Weirdness & Mutations

You have an increased reservoir of magic. (+10% MP)
You shall have no god before yourself.
Your divine heritage dramatically boosts your attributes as you level up.


Message History

The wall freezes the wight but does no damage.
The wall freezes the orc priest.
Your magical contamination has completely faded away.
Fire: b) +0 shortbow
Press: ? - help, Q - select action, (/) - cycle Shift-Dir - straight line, f - wight
Aim: a wight, wielding a +2 battleaxe and wearing a +0 robe (moderately damaged, 69% to hit)
You shoot an arrow. The arrow hits the orc warrior.
The orc warrior is severely wounded.
The wall freezes the orc warrior but does no damage.
The orc warrior hits you with a +6 war axe!
* * * LOW HITPOINT WARNING * * *
The wight resists.
The wall freezes the wight.
The wall freezes the orc priest.
The orc priest calls upon Beogh to heal the orc warrior.
The orc warrior is healed somewhat.
Casting: Frozen Ramparts (dangerous; 10% risk of failure)
Confirm with . or Enter, or press ? or * to list all spells.
You cannot sustain more frozen ramparts right now.
Fire: b) +0 shortbow
Press: ? - help, Q - select action, (/) - cycle Shift-Dir - straight line, f - orc, p - wight
Aim: an orc, wielding a +0 dagger (almost dead, 69% to hit)
You shoot an arrow.
The arrow hits the orc warrior but does no damage.
The orc warrior is heavily wounded.
The wall freezes the orc warrior.
The orc warrior hits you but does no damage.
The wall freezes the wight but does no damage.
The wall freezes the orc priest.
You kill the orc priest!
The wall freezes the orc warrior.
The orc warrior hits you with a +6 war axe!
* * * LOW HITPOINT WARNING * * *
The wight completely resists.
The wall freezes the wight but does no damage.
Your +0 flail of protection hums with potential!
G - a +0 flail of protection (weapon)
You closely miss the orc warrior.
The orc warrior is severely wounded.
The wall freezes the orc warrior.
The orc warrior hits you with a +6 war axe!
You die...

#.....#......######.###
#......................
#.#.#..................
#.#.#.###..............
######.# #..............
.... .###..............
..... #......<.........
.....z##.#..............
....ozo@.#..............
....#)####..............
. # #..............
.................
###..............
#..............
#..............
#..............
#..............


You could see an orc warrior, 2 wights and an orc.

Vanquished Creatures
  Sigmund (D:2)
  Eustachio (D:5)
  Edmund (D:4)
  A water moccasin (D:5)
  2 orc warriors (D:6)
  An ice beast (D:5)
  A black bear (D:5)
  A sky beast (D:6)
  An ogre (D:6)
  A phantom (D:5)
  3 scorpions
  A howler monkey (D:4)
  3 hounds
  2 jellies
  An orc priest (D:6)
  A gnoll bouda (D:4)
  3 iguanas (D:5)
  Ijyb (D:5)
  2 orc wizards (D:3)
  11 adders
  5 gnolls
  An ufetubus (D:6)
  3 worms (D:2)
  2 dart slugs (D:2)
  6 orcs
  4 ball pythons
  5 bats
  5 endoplasms
  5 giant cockroaches
  6 goblins
  12 hobgoblins
  A jackal (D:4)
  5 quokkas
  4 frilled lizards
  11 kobolds
  3 rats (D:1)
117 creatures vanquished.

Vanquished Creatures (others)
  2 fungi (D:2)
  2 plants (D:2)
4 creatures vanquished.

Grand Total: 121 creatures vanquished

Notes
Turn   | Place    | Note
-------+----------+-------------------------------------------
     0 | D:1      | avis the Demigod Ice Elementalist began the quest for the
                  | Orb.
     0 | D:1      | Reached XP level 1. HP: 14/14 MP: 5/5
   356 | D:1      | Found Zazyt's Weapon Shop.
   367 | D:1      | Reached XP level 2. HP: 18/20 MP: 4/7
   448 | D:1      | Reached skill level 1 in Fighting
   463 | D:1      | You fall into a shaft and drop 1 floor!
  1007 | D:1      | Reached XP level 3. HP: 17/28 MP: 4/9
  1061 | D:1      | Learned a level 3 spell: Frozen Ramparts
  1065 | D:1      | Learned a level 3 spell: Ozocubu's Armour
  1154 | D:2      | Noticed Sigmund
  1576 | D:2      | Reached skill level 1 in Ranged Weapons
  1682 | D:2      | Reached XP level 4. HP: 33/36 MP: 10/10
  1749 | D:2      | Killed Sigmund
  1750 | D:2      | Reached skill level 2 in Ranged Weapons
  1750 | D:2      | Reached skill level 3 in Ranged Weapons
  1750 | D:2      | Reached XP level 5. HP: 32/41 MP: 0/12
  1851 | D:2      | Got Plato's Compilation of Misery
  2943 | D:3      | Reached skill level 4 in Ranged Weapons
  2943 | D:3      | Reached XP level 6. HP: 48/48 MP: 7/13
  3786 | D:4      | Found a large runed translucent door.
  3787 | D:4      | Found a large runed translucent door.
  3810 | D:4      | Noticed Edmund
  3831 | D:4      | Killed Edmund
  3832 | D:4      | Reached skill level 5 in Ranged Weapons
  3935 | D:4      | Found Nuqock's Antique Armour Shop.
  3946 | D:4      | Bought a faintly glowing robe for 136 gold pieces
  3946 | D:4      | Identified the +0 robe of Fyoluol {Str+7} (You bought it in
                  | a shop on level 4 of the Dungeon)
  3977 | D:4      | Reached XP level 7. HP: 52/57 MP: 14/14
  4498 | D:5      | Entered Level 5 of the Dungeon
  4530 | D:5      | Reached skill level 6 in Ranged Weapons
  4689 | D:5      | Found Tdiepn's Tempting Trifles.
  4848 | D:5      | Found a staircase to the Ecumenical Temple.
  4857 | Temple   | Entered the Ecumenical Temple
  4996 | D:5      | Noticed Ijyb
  5014 | D:5      | Killed Ijyb
  5114 | D:5      | Reached skill level 5 in Ice Magic
  5356 | D:5      | Reached XP level 8. HP: 56/63 MP: 9/15
  5401 | D:5      | Found Hagaocip's Tremendous Tomes.
  5460 | D:5      | Reached skill level 7 in Ranged Weapons
  5832 | D:5      | Noticed Eustachio
  5845 | D:5      | Killed Eustachio
  6080 | D:6      | Reached skill level 8 in Ranged Weapons
  6437 | D:5      | Noticed a rust devil
  6437 | D:5      | Noticed a rust devil
  6962 | D:6      | Slain by an orc warrior

Illustrated notes

Levels and vault maps discovered:
D:1:      heliophobic_arrival_battle_scene, layout_basic, serial_shops, shop
D:2:      layout_rooms, shapermc_ecumenical_altar_rom_forum, uniq_sigmund
D:3:      layout_basic, chequers_serial_rivers_micro_c, minmay_misc_feat_square,
          minmay_starry_boxes
D:4:      minmay_wonky_spiral, layout_rooms, overflow_temple_1_default,
          jmf_multi_god_temple2, serial_shops,
          nicolae_shop_temple_entry_statues_fountains, feat_on_display,
          uniq_edmund
D:5:      cheibrodos_iron_armory, layout_loops_ring,
          minmay_temple_entry_junction, st_stairs_7, nicolae_alphabet_shops,
          nicolae_shop_i_like_big_books, dk_noncrumbling_4, uniq_eustachio,
          uniq_ijyb
D:6:      layout_basic, uniq_pikel
Temple:   minmay_temple_bridge_d

Skill      XL: |  1  2  3  4  5  6  7  8 |
---------------+-------------------------+-----
Ice Magic      | 4 5 |  5.0
Spellcasting   | 2 3 |  3.0
Fighting       | 1 2 3 4 |  4.0
Ranged Weapons | 1 3 4 5 6 8 |  8.7
Dodging        | 2 |  2.0
Stealth        | 2 |  2.0

Action                   |  1- 3 |  4- 6 |  7- 9 || total
-------------------------+-------+-------+-------++-------
Melee: Spear             |    35 |    40 |       ||    75
       Punch             |     1 |     1 |       ||     2
       Long sword        |       |       |    43 ||    43
       Flail             |       |       |     9 ||     9
 Fire: Sling             |    23 |    84 |       ||   107
       Shortbow          |       |       |    81 ||    81
 Cast: Freeze            |    32 |     4 |       ||    36
       Frozen Ramparts   |     5 |    16 |    26 ||    47
       Ozocubu's Armour  |     3 |    11 |    23 ||    37
  Use: Scroll            |       |       |     8 ||     8
       Potion            |       |       |     8 ||     8
Armor: Robe              |     9 |    22 |     7 ||    38
       Leather armour    |       |       |    24 ||    24
Dodge: Dodged            |    32 |    42 |    82 ||   156

Table legend: (Time is in decaauts)
 A = Elapsed time spent in this place.
 B = Non-inter-level travel time spent in this place.
 C = Inter-level travel time spent in this place.
 D = Time resting spent in this place.
 E = Time spent auto-exploring this place.
 F = Levels seen in this place.
 G = Mean time per level.
                   A        B        C        D        E       F      G
               +--------+--------+--------+--------+--------+-----+--------+
         Total |   7003 |   6369 |    634 |   2322 |   2389 |   7 | 1000.4 |
       Dungeon |   6983 |   6349 |    634 |   2322 |   2389 |   6 | 1163.8 |
        Temple |     20 |     20 |      0 |      0 |      0 |   1 |   20.0 |
               +--------+--------+--------+--------+--------+-----+--------+

Top non-repeatable levels by time:
     D:5: 1657 daAuts
     D:3: 1208 daAuts
     D:1: 1160 daAuts
     D:2: 1108 daAuts
     D:4: 1077 daAuts
     D:6: 770 daAuts
  Temple: 20 daAuts
